 Dungeon Crawl Stone Soup version 0.30-a0-637-gacddeb6d44 (webtiles) character file.

Game seed: 16676950067247659326

133 inmateoo the Twirler (level 4, -1/35 HPs)
             Began as a Demonspawn Gladiator on Jan 16, 2023.
             Slain by Natasha (4 damage)
             ... on level 3 of the Dungeon.
             The game lasted 00:02:22 (1615 turns).

inmateoo the Twirler (Demonspawn Gladiator)         Turns: 1615, Time: 00:02:22

Health: -1/35      AC:  7    Str: 16    XL:     4   Next: 93%
Magic:  4/4        EV: 12    Int: 10    God:
Gold:   140        SH:  0    Dex: 14    Spells: 3/3 levels left

rFire   . . .      SeeInvis .    a - +0 quarterstaff
rCold   . . .      Faith    .    (shield currently unavailable)
rNeg    . . .      Spirit   .    b - +0 leather armour
rPois   .          Reflect  .    c - +0 helmet
rElec   .          Harm     .    (no cloak)
rCorr   .          Rampage  .    (no gloves)
Will    .....                    f - +0 pair of boots
Stlth   +                        (no amulet)
HPRegen 0.25/turn                (no ring)
MPRegen 0.09/turn                (no ring)

@: no status effects
A: hooves 2, thin metallic scales 1
a: no special abilities


You were on level 3 of the Dungeon.
You visited 1 branch of the dungeon, and saw 3 of its levels.

You collected 140 gold pieces.

Inventory:

Hand Weapons
 a - a +0 quarterstaff (weapon)
Missiles
 d - a throwing net (quivered)
 e - a javelin
Armour
 b - a +0 leather armour (worn)
 c - a +0 helmet (worn)
 f - a +0 pair of boots (worn)
Magical Staves
 h - a staff of poison
Jewellery
 o - an amulet of guardian spirit
Scrolls
 g - a scroll of blinking {unknown}
 i - a scroll of teleportation {unknown}
 l - a scroll of identify {unknown}
 m - a scroll of amnesia {unknown}
 n - a scroll of enchant weapon {unknown}
Potions
 j - 2 potions of brilliance {unknown}
 k - 2 potions of mutation {unknown}
 p - a potion of might {unknown}


   Skills:
 + Level 3.1 Fighting
 + Level 3.4 Staves
 - Level 1.7 Throwing
 + Level 1.8 Armour
 + Level 3.4 Dodging


You had 3 spell levels left.
You didn't know any spells.
Your spell library contained the following spells:

 Spells                   Type           Power      Damage    Failure   Level
 Static Discharge         Conj/Air       0%         2-2/arc   56%         2
 Vhi's Electric Charge    Tloc/Air       0%         N/A       80%         3
 Arcjolt                  Conj/Air       0%         1d10      100%        5
 Lightning Bolt           Conj/Air       0%         1d11      100%        5


Dungeon Overview and Level Annotations

Branches:
Dungeon (3/15)

Altars:
Uskayaw

Annotations:
D:3 Natasha


Innate Abilities, Weirdness & Mutations

You have hoof-like feet.
You are partially covered in thin metallic scales. (AC +2)


Message History

Natasha is severely wounded.
Natasha completely misses you. The worm bites you.
You closely miss Natasha.
Natasha is severely wounded.
Natasha closely misses you. The worm bites you.
You hit Natasha.
Natasha is almost dead.
Natasha claws you but does no damage.
You hit Natasha.
Natasha is almost dead.
Natasha mumbles some strange words.
Natasha's front paws start to glow.
Natasha stares at you and mumbles some strange words.
The magic dart hits you but does no damage.
The worm barely misses you.
You barely miss Natasha.
Natasha is almost dead.
Natasha claws you but does no damage. The worm bites you but does no damage.
Natasha closely misses you.
You completely miss Natasha.
Natasha is almost dead.
Natasha stares at you and mumbles some strange words.
The magic dart hits you.
You miss Natasha.
Natasha is almost dead.
The worm bites you but does no damage. Natasha claws you.
* * * LOW HITPOINT WARNING * * *
You barely miss Natasha.
Natasha is almost dead.
Natasha completely misses you. The worm bites you!
* * * LOW HITPOINT WARNING * * *
You closely miss Natasha.
Natasha is almost dead.
Natasha closely misses you. Natasha attacks as you move away!
Natasha claws you.
* * * LOW HITPOINT WARNING * * *
You completely miss Natasha.
Natasha is almost dead.
Natasha claws you.
You die...

#### #######
#.........
...###.....
###.......
#........ #.......
#....... #######.
#...... #######
#.....#####
#...###
#<.w.....###
#...#..
.?..###h......#
#...#.. #
#.###@.♣♣♣..#
#...#.. #.....♣#
♣.## #...#..
#####)♣
♣..###...#.. #.♣#
#♣..#........
#..♣♣♣.....#......
#.......#..##...##
#######...>.......
#.##.######.
#.##.# #


You could see a worm and Natasha.

Vanquished Creatures
  Natasha (D:3)
  4 adders
  A dart slug (D:2)
  A worm (D:3)
  3 endoplasms
  4 giant cockroaches
  10 goblins
  11 hobgoblins
  7 jackals
  7 kobolds
  A quokka (D:3)
  3 ball pythons
  3 bats
  2 frilled lizards
  5 rats
63 creatures vanquished.

Notes
Turn   | Place    | Note
-------+----------+-------------------------------------------
     0 | D:1      | inmateoo the Demonspawn Gladiator began the quest for the
                  | Orb.
     0 | D:1      | Reached XP level 1. HP: 16/16 MP: 1/1
    41 | D:2      | Gained mutation: You have large cloven feet. [demonic
                  | ancestry]
    41 | D:2      | Reached XP level 2. HP: 12/22 MP: 2/2
   150 | D:2      | Reached skill level 1 in Armour
   153 | D:2      | Gained mutation: You are partially covered in thin metallic
                  | scales. (AC +2) [demonic ancestry]
   153 | D:2      | Reached XP level 3. HP: 11/28 MP: 3/3
   504 | D:1      | Found a faded altar of an unknown god.
   944 | D:2      | Gained mutation: You have hoof-like feet. [demonic
                  | ancestry]
   944 | D:2      | Reached XP level 4. HP: 29/34 MP: 4/4
  1394 | D:3      | Found a hide-covered altar of Uskayaw.
  1467 | D:3      | Noticed Natasha
  1471 | D:3      | Killed Natasha
  1596 | D:3      | Noticed Natasha
  1615 | D:3      | Slain by Natasha

Illustrated notes

Levels and vault maps discovered:
D:1:      lemuel_arrival_hallway, layout_rooms,
          shapermc_ecumenical_altar_totnotflames, minmay_tiny_reverse_x
D:2:      cheibrodos_greedy_goblins, layout_loops_ring
D:3:      layout_basic, nicolae_uskayaw_murder_on_the_dancefloor,
          grunt_ministairs_4, minmay_stone_trees_small, uniq_natasha

Skill      XL: |  1  2  3  4 |
---------------+-------------+-----
Staves         | 3 |  3.4
Dodging        | 3 |  3.4
Armour         | 1 |  1.8
Fighting       | 3 |  3.1
Throwing       | |  1.7

Action                   |  1- 3 |  4- 6 || total
-------------------------+-------+-------++-------
Melee: Quarterstaff      |   103 |    65 ||   168
       Kick              |     7 |       ||     7
Throw: Throwing net      |     2 |       ||     2
 Stab: Sleeping          |       |     1 ||     1
Armor: Leather armour    |    61 |    23 ||    84
Dodge: Dodged            |    89 |    38 ||   127

Table legend: (Time is in decaauts)
 A = Elapsed time spent in this place.
 B = Non-inter-level travel time spent in this place.
 C = Inter-level travel time spent in this place.
 D = Time resting spent in this place.
 E = Time spent auto-exploring this place.
 F = Levels seen in this place.
 G = Mean time per level.
                   A        B        C        D        E       F      G
               +--------+--------+--------+--------+--------+-----+--------+
         Total |   1650 |   1600 |     50 |    244 |    938 |   3 |  550.0 |
       Dungeon |   1650 |   1600 |     50 |    244 |    938 |   3 |  550.0 |
               +--------+--------+--------+--------+--------+-----+--------+

Top non-repeatable levels by time:
     D:2: 929 daAuts
     D:1: 479 daAuts
     D:3: 241 daAuts
